 BcadrenCrawl: Boulder Brew version 0.06-688-g08e91b2d95 (webtiles) character file.

Game seed: 16023142753683822312

39 Leeroy the Skirmisher (level 3, -4/54 HPs) Immature Draconian Demigod. Began on Jan 31, 2023. Slain by a water moccasin (8 damage) ... on level 2 of the Dungeon. The game lasted 00:01:15 (749 turns).

Leeroy the Skirmisher (Immature Draconian Demigod)   Turns: 749, Time: 00:01:16

Health: -4/54      AC:  7    Str: 17    XL:     3 ^: 59
Magic:  5/5        EV: 13    Int: 15    God:
Gold:   55         SH:  0    Dex: 20    Spells: 3/4 levels left

rFire    . . .     Slash    +   a - +0 long sword
rCold    . . .     Pierce   x   (no weapon)
rNeg     . . .     Bludgeon .   (armour unavailable)
rCorr    . . .     Vision   .   (helmet restricted)
rPois    .         Gourm    .   (no cloak)
rElec    .         Faith    .   h - +0 pair of gloves
MR       .....     Spirit   .   (no boots)
HPRegen  0.28/turn Reflect  .   (no amulet)
MPRegen  0.15/turn Harm     .   b - ring of dexterity
Stlth    ++........             (no ring)

@: lethally poisoned (-4 -> -30)
A: deformed body 2, high mp 1, cold-blooded, draconic flesh, AC +6
a: Breathe Dart


You were on level 2 of the Dungeon.
You were not hungry.

You visited 1 branch of the dungeon, and saw 2 of its levels.

You collected 55 gold pieces.

Inventory:

Weapons
 a - a +0 long sword (weapon)
Armour
 h - a +0 pair of gloves (worn)
 k - a +0 pair of clawed gauntlets
Jewellery
 b - a ring of dexterity (left hand)
Scrolls
 e - a scroll of fear
 f - 2 scrolls of teleportation
 g - a scroll of bless item
 j - a scroll of enchantment
Potions
 i - 2 potions of brilliance
Comestibles
 c - 7 rations
 d - a chunk of flesh


   Skills:
 + Level 3.7 Fighting
 - Level 1.5 Long Blades
 - Level 2.4 Dodging
 - Level 1.3 Stealth
 - Level 1.3 Spellcasting
 - Level 1.5 Fire Magic


You had 3 spell levels left.
You knew the following spells:

 Your Spells              Type           Power        Failure   Level  Hunger
a - Flame Tongue          Fire           5 (30)       13%         1    20-40

Your spell library contained the following spells:

 Spells                   Type           Power        Failure   Level  Hunger
 Slow Hex 1 (100) 24% 1 20-40 Blink Tloc N/A 34% 2 60-100 Call Imp Summ 1 (100) 34% 2 60-100 Conjure Flame Fire 5 (100) 36% 3 100-160 Mephitic Cloud Pois/Air       1 (100)      56%         3    100-160


Dungeon Overview and Level Annotations

Branches:
Dungeon (2/8)


Innate Abilities, Weirdness & Mutations

Your plain brown scales are resilient. (AC +6)
You can breathe rudimentary magical darts.
You cannot wear any armour on your peculiar form.
You have an increased reservoir of magic. (+15% MP)
You are cold-blooded and are slowed more easily by cold attacks.
Your scales resist being cut, but it's oddly easy to stick a small blade between them. (rSlashing+, rPiercing-)


Message History

Unknown command.
You hit the water moccasin (4).
It is lacerated severely!
You hit the water moccasin but do no damage.
The water moccasin is almost dead. (2/28) HP You feel sick. (2)
The water moccasin bites you (10)!
You are perforated ruthlessly!
* * * LOW HITPOINT WARNING * * *
You are lethally poisoned!
The water moccasin poisons you (11)! The water moccasin bites you (7)!
You are perforated ruthlessly!
* * * LOW HITPOINT WARNING * * *
You are more poisoned.
The water moccasin poisons you (10)!
You barely miss the water moccasin. You hit the water moccasin (1).
It is struck brutally!
The water moccasin is almost dead. (1/28) HP
* * * LOW HITPOINT WARNING * * *
You feel very sick. (3)
The water moccasin bites you (8)!
You are perforated ruthlessly!
You die...

≈≈≈≈≈≈P≈P..≈≈≈.....≈≈≈
≈≈≈PP≈P≈≈P..≈..≈≈≈..≈≈
.≈PPbPPPP..≈≈≈.P≈≈≈...
## #######≈≈≈≈.P≈≈≈.#
##≈≈..≈≈≈≈.#
#######.≈≈≈≈.#
≈≈≈≈....≈b≈≈≈#
≈≈≈≈≈≈...≈≈≈≈#
≈≈≈≈≈≈.@.≈≈≈≈#
≈≈≈≈≈≈..S≈≈≈≈#
≈≈≈≈≈≈≈≈..;≈≈#
≈≈#####≈≈.≈≈.# ≈≈
#≈≈≈≈..# #≈≈≈≈≈.#
#≈≈≈≈≈.# #≈≈≈≈≈.#


You could see a water moccasin and a neutral slimehead (wandering) (passive).

Vanquished Creatures
  A giant cockroach (D:1)
  A cinder newt (D:2)
  3 dart slugs (D:1)
  A bat (D:1)
  A cinder newt skeleton (D:2)
  4 kobolds (D:1)
  A bat skeleton (D:2)
  2 rats (D:1)
14 creatures vanquished.

Vanquished Creatures (others)
  3 withered plants (D:2)
3 creatures vanquished.

Grand Total: 17 creatures vanquished

Notes
Turn   | Place    | Note
-------+----------+-------------------------------------------
     0 | D:1      | Leeroy the Immature Draconian Demigod began the quest for
                  | the Orb.
     0 | D:1      | Reached XP level 1. HP: 32/32 MP: 3/3
    51 | D:1      | Reached skill level 2 in Fighting
    51 | D:1      | Reached XP level 2. HP: 34/43 MP: 4/4
   107 | D:1      | Reached skill level 3 in Fighting
   645 | D:2      | Reached XP level 3. HP: 36/54 MP: 5/5
   739 | D:2      | Noticed a water moccasin
   749 | D:2      | Slain by a water moccasin

Illustrated notes

Levels and vault maps discovered:
D:1:      eino_arrival_cavern_a, layout_basic
D:2:      layout_sewer, sewer_frog_pond, first_ration, basic_altar

Skill      XL: |  1  2 |
---------------+-------+-----
Fighting       | 2 3 |  3.7
Long Blades    | |  1.5
Dodging        | |  2.4
Stealth        | |  1.3
Spellcasting   | |  1.3
Fire Magic     | |  1.5

Action                   || total
-------------------------++-------
Melee: Long sword        ||    32
       Unarmed           ||    20
       Peck              ||     4
Throw: Stone             ||     2
       Rusty metal       ||     1
       Skull             ||     1
 Abil: Breathe Dart      ||     1
 Stab: Sleeping          ||     3
Armor: Skin              ||     5
Dodge: Dodged            ||    12
       Rpst.: Long sword ||     4
